[Event "XII Paracin Festival 2019"]
[Site "Paracin"]
[Date "2019.07.06"]
[Round "2.12"]
[White "Raghavi, N.."]
[Black "Pikula, Dejan"]
[Result "0-1"]
[ECO "A46"]
[WhiteElo "2290"]
[BlackElo "2447"]
[Annotator "NA"]
[PlyCount "100"]
[EventDate "2019.07.05"]
[EventType "swiss"]
[EventCountry "SRB"]
[SourceTitle "playchess.com"]
[Source "ChessBase"]
[SourceQuality "1"]
[TimeControl "5400+30"]

1. d4 Nf6 2. Nf3 e6 3. Bf4 c5 4. c3 b6 5. e3 Be7 6. h3 O-O 7. Nbd2 cxd4 8. cxd4 d6 9. Bd3 Ba6 10. Nb1 Qc8 11. Nc3 Bxd3 12. Qxd3 a6 13. O-O Qb7 14. e4 Nbd7 15. Rfe1 h6 16. Rad1 Rfd8 17. d5 e5 18. Be3 b5 19. Nd2 Rdc8 20. Ne2 Bd8 21. Ng3 Nc5 22. Bxc5 Rxc5 23. Nf5 Ne8 24. Nb3 Rcc8 25. Rc1 a5 26. Rxc8 Rxc8 27. Rc1 Rxc1+ 28. Nxc1 h5 29. Ne2 g6 30. Ne3 Bg5 31. Nc3 Nc7 32. Nc2 Bc1 33. b4 axb4 34. Nxb4 Ba3 35. Nc6 Bc5 36. Qf3 Ne8 37. Qe2 Nf6 38. Kf1 b4 39. Na4 Nxe4 40. Qxe4 Qa6+ 41. Ke1 Qxa4 42. Qc4 Qa3 43. Nxe5 b3 44. Qxb3 Qxb3 45. axb3 dxe5 46. f3 Kf8 47. Kd2 Ke7 48. Kd3 Kd6 49. Kc4 h4 50. b4 Bg1 0-1

[Event "XII Paracin Festival 2019"]
[Site "Paracin"]
[Date "2019.07.06"]
[Round "2.13"]
[White "Cabarkapa, Novak"]
[Black "Martic, Zlatko"]
[Result "1-0"]
[ECO "A01"]
[WhiteElo "2444"]
[BlackElo "2283"]
[Annotator "NA"]
[PlyCount "95"]
[EventDate "2019.07.05"]
[EventType "swiss"]
[EventCountry "SRB"]
[SourceTitle "playchess.com"]
[Source "ChessBase"]
[SourceQuality "1"]
[TimeControl "5400+30"]

1. b3 e5 2. Bb2 Nc6 3. Nf3 e4 4. Nd4 Nxd4 5. Bxd4 d5 6. e3 Ne7 7. Bb2 Nc6 8. Nc3 Bb4 9. a3 Bxc3 10. dxc3 Be6 11. Qh5 Qf6 12. Bb5 O-O-O 13. Bxc6 bxc6 14. Qe2 Kb7 15. O-O-O Qg6 16. Rhg1 Rhe8 17. h3 h5 18. a4 f5 19. a5 a6 20. Ba3 Bc8 21. Bc5 Qf7 22. Kb2 g5 23. Qd2 f4 24. Qd4 Qe6 25. h4 fxe3 26. Qb4+ Ka8 27. Bxe3 Qd6 28. Bc5 Qg6 29. Bd4 Qd6 30. hxg5 Qxb4 31. cxb4 Bf5 32. Rh1 Bg6 33. Kc3 Kb7 34. Kd2 Kc8 35. Ke3 Kd7 36. b5 axb5 37. a6 Rf8 38. c4 Ra8 39. Ra1 Rf5 40. cxb5 cxb5 41. Rhc1 Rxg5 42. a7 Be8 43. Ra6 Kc8 44. Rh6 Rxg2 45. Rh7 c6 46. Be5 Bd7 47. Rh8+ Kb7 48. Rb8+ 1-0

[Event "XII Paracin Festival 2019"]
[Site "Paracin"]
[Date "2019.07.06"]
[Round "2.14"]
[White "Pastar, Slaven"]
[Black "Froewis, Georg"]
[Result "1/2-1/2"]
[ECO "D31"]
[WhiteElo "2276"]
[BlackElo "2434"]
[Annotator "NA"]
[PlyCount "48"]
[EventDate "2019.07.05"]
[EventType "swiss"]
[EventCountry "SRB"]
[SourceTitle "playchess.com"]
[Source "ChessBase"]
[SourceQuality "1"]
[TimeControl "5400+30"]

1. d4 d5 2. c4 e6 3. Nc3 Bb4 4. e3 Ne7 5. Bd3 c5 6. Nge2 cxd4 7. exd4 dxc4 8. Bxc4 O-O 9. O-O Nbc6 10. a3 Bd6 11. Bg5 h6 12. Bh4 Qb6 13. d5 Ne5 14. Ba2 Nf5 15. Bg3 Nxg3 16. Nxg3 exd5 17. Nxd5 Qd8 18. Ne4 Bb8 19. f4 Nc6 20. Qh5 Be6 21. Ndf6+ Kh8 22. Bxe6 fxe6 23. Rad1 Qb6+ 24. Rf2 Qa5 1/2-1/2

[Event "XII Paracin Festival 2019"]
[Site "Paracin"]
[Date "2019.07.06"]
[Round "2.15"]
[White "Radovanovic, Nikola"]
[Black "Ivanovic, Marko"]
[Result "0-1"]
[ECO "E70"]
[WhiteElo "2431"]
[BlackElo "2267"]
[Annotator "NA"]
[PlyCount "88"]
[EventDate "2019.07.05"]
[EventType "swiss"]
[EventCountry "SRB"]
[SourceTitle "playchess.com"]
[Source "ChessBase"]
[SourceQuality "1"]
[TimeControl "5400+30"]

1. d4 Nf6 2. c4 g6 3. Nc3 Bg7 4. e4 d6 5. Bd3 O-O 6. Nge2 e5 7. d5 a5 8. O-O Na6 9. f3 Nc5 10. Bc2 Nh5 11. Be3 Kh8 12. Qd2 f5 13. exf5 gxf5 14. f4 e4 15. Nd4 Bd7 16. b3 Rf6 17. a3 Rh6 18. b4 Na6 19. Rab1 axb4 20. axb4 Qh4 21. Qf2 Qf6 22. g4 Rg6 23. g5 h6 24. Qe2 Nxf4 25. Rxf4 hxg5 26. Rf2 Qe5 27. Qh5+ Rh6 28. Qxg5 Rh3 29. Nde2 Bf6 30. Qf4 Rg8+ 31. Kf1 Qxf4 32. Bxf4 e3 33. Rg2 Rf3+ 34. Kg1 Rxg2+ 35. Kxg2 Rf2+ 36. Kg1 Bxc3 37. Nxc3 Rxf4 38. Bd3 Rg4+ 39. Kf1 Rd4 40. Be2 f4 41. Kg2 Bf5 42. Rb3 Bc2 43. Rb2 Rd2 44. Kf1 f3 0-1

[Event "XII Paracin Festival 2019"]
[Site "Paracin"]
[Date "2019.07.06"]
[Round "2.16"]
[White "Lajthajm, Borko"]
[Black "Tadic, Stefan"]
[Result "1-0"]
[ECO "B22"]
[WhiteElo "2424"]
[BlackElo "2262"]
[Annotator "NA"]
[PlyCount "87"]
[EventDate "2019.07.05"]
[EventType "swiss"]
[EventCountry "SRB"]
[SourceTitle "playchess.com"]
[Source "ChessBase"]
[SourceQuality "1"]
[TimeControl "5400+30"]

1. e4 c5 2. c3 d5 3. exd5 Qxd5 4. Nf3 Nc6 5. Na3 Bg4 6. Be2 Nf6 7. Qa4 e6 8. Nc4 Rc8 9. Ne3 Qh5 10. h3 Bxf3 11. Bxf3 Qe5 12. Bxc6+ bxc6 13. Qxa7 Bd6 14. Qa6 O-O 15. Qe2 Bb8 16. Nc4 Qd5 17. O-O Rcd8 18. d3 Qxd3 19. Qxd3 Rxd3 20. Be3 Ne4 21. Rfd1 Rfd8 22. Rxd3 Rxd3 23. Kf1 f5 24. Ke2 Rd5 25. f3 Ng3+ 26. Ke1 Kf7 27. a4 Nh5 28. a5 Ba7 29. a6 f4 30. Bf2 Nf6 31. Na5 Rd6 32. Nb7 Rd7 33. Nxc5 Rd8 34. Nd3 Bxf2+ 35. Kxf2 Nd7 36. a7 Ra8 37. Nxf4 Ke7 38. Ra6 Kd6 39. b4 e5 40. Nd3 Kc7 41. Ke3 Kb7 42. Ra5 Nb6 43. Nxe5 Re8 44. Ke4 1-0

[Event "XII Paracin Festival 2019"]
[Site "Paracin"]
[Date "2019.07.06"]
[Round "2.17"]
[White "Nandhidhaa, P V"]
[Black "Wadsworth, Matthew J"]
[Result "1/2-1/2"]
[ECO "B49"]
[WhiteElo "2259"]
[BlackElo "2418"]
[Annotator "NA"]
[PlyCount "86"]
[EventDate "2019.07.05"]
[EventType "swiss"]
[EventCountry "SRB"]
[SourceTitle "playchess.com"]
[Source "ChessBase"]
[SourceQuality "1"]
[TimeControl "5400+30"]

1. e4 c5 2. Nf3 e6 3. d4 cxd4 4. Nxd4 Nc6 5. Nc3 Qc7 6. Be2 a6 7. Be3 Nf6 8. O-O Bb4 9. Nxc6 bxc6 10. Qd4 c5 11. Qc4 O-O 12. Na4 d5 13. exd5 exd5 14. Qf4 Qc6 15. c3 c4 16. cxb4 Qxa4 17. Bd4 Qc6 18. Bf3 Bb7 19. Rac1 Rfe8 20. b3 Ne4 21. Rfe1 c3 22. Bxe4 Rxe4 23. Rxe4 dxe4 24. Rxc3 Qd5 25. Qe5 Qxe5 26. Bxe5 Rd8 27. h4 f6 28. Bf4 Rd4 29. Rc4 Rd1+ 30. Kh2 Ra1 31. Rc7 Bd5 32. Rc5 Bb7 33. Ra5 Rb1 34. b5 axb5 35. Rxb5 Bc6 36. Rc5 Bd7 37. Be3 Rb2 38. Ra5 Kf7 39. Kg3 Ke6 40. Kf4 Bc6 41. Bc5 e3 42. Kxe3 Bxg2 43. b4 g5 1/2-1/2

[Event "XII Paracin Festival 2019"]
[Site "Paracin"]
[Date "2019.07.06"]
[Round "2.18"]
[White "Strugnell, Carl"]
[Black "Janzelj, Tim"]
[Result "0-1"]
[ECO "C13"]
[WhiteElo "2248"]
[BlackElo "2416"]
[Annotator "NA"]
[PlyCount "62"]
[EventDate "2019.07.05"]
[EventType "swiss"]
[EventCountry "SRB"]
[SourceTitle "playchess.com"]
[Source "ChessBase"]
[SourceQuality "1"]
[TimeControl "5400+30"]

1. e4 e6 2. d4 d5 3. Nc3 Nf6 4. Bg5 Be7 5. e5 Nfd7 6. h4 a6 7. Qg4 h5 8. Qf4 f6 9. exf6 gxf6 10. Bh6 c5 11. Be2 Qb6 12. Bxh5+ Kd8 13. Nge2 cxd4 14. Nd1 e5 15. Qd2 f5 16. Bg5 Rxh5 17. Bxe7+ Kxe7 18. Ng3 Rh8 19. Nxf5+ Kf7 20. Rh3 Nf6 21. Rb3 Qc7 22. Nh6+ Ke6 23. g4 Ne4 24. Qc1 Qg7 25. g5 Rxh6 26. gxh6 Qg1+ 27. Ke2 Kd6 28. h7 Bg4+ 29. Rf3 Nd7 30. Qh6+ Ndf6 31. Ne3 Qxf2+ 0-1

[Event "XII Paracin Festival 2019"]
[Site "Paracin"]
[Date "2019.07.06"]
[Round "2.19"]
[White "Bratkovic, Sham"]
[Black "Djordjevic, Vuk"]
[Result "1/2-1/2"]
[ECO "E58"]
[WhiteElo "2237"]
[BlackElo "2412"]
[Annotator "NA"]
[PlyCount "211"]
[EventDate "2019.07.05"]
[EventType "swiss"]
[EventCountry "SRB"]
[SourceTitle "playchess.com"]
[Source "ChessBase"]
[SourceQuality "1"]
[TimeControl "5400+30"]

1. d4 Nf6 2. c4 e6 3. Nc3 Bb4 4. e3 O-O 5. Bd3 d5 6. Nf3 c5 7. O-O Nc6 8. a3 Bxc3 9. bxc3 b6 10. cxd5 exd5 11. c4 cxd4 12. exd4 Bg4 13. Bb2 dxc4 14. Bxc4 Na5 15. Ba2 Rc8 16. h3 Bh5 17. Qd3 Bg6 18. Qb5 Be4 19. Rac1 Bc6 20. Qd3 Be4 21. Qb5 Qd6 22. Ne5 Bd5 23. Bxd5 Nxd5 24. Rxc8 Rxc8 25. Rc1 Rxc1+ 26. Bxc1 Qe6 27. Bd2 f6 28. Nf3 Nc6 29. Qa6 Qd7 30. Qc4 Nd8 31. Ne1 Ne6 32. Nd3 Kf7 33. Nb4 Nxb4 34. Bxb4 Qxd4 35. Qc8 Qd1+ 36. Kh2 Qd5 37. Kg1 a5 38. Bc3 Qd1+ 39. Kh2 Qd6+ 40. Kg1 Nc5 41. Qf5 Qd1+ 42. Kh2 Qd3 43. Qh5+ Ke7 44. Bb2 Qc2 45. Bd4 Nd7 46. Qg4 g6 47. Qh4 h5 48. Qf4 Qc6 49. Kg1 Qd6 50. Qe3+ Kf7 51. Bb2 Qe6 52. Qf3 Nc5 53. Bd4 Nd7 54. Qb7 Ke7 55. Be3 a4 56. Qa8 b5 57. Qb7 Qc4 58. Bd2 Qd3 59. Bb4+ Kf7 60. Qc6 g5 61. Qc8 Qd1+ 62. Kh2 Qd5 63. Qh8 Kg6 64. Qe8+ Qf7 65. Qe4+ Kg7 66. Qc6 Ne5 67. Qxb5 Qc7 68. Kg1 Qc1+ 69. Kh2 Qc2 70. Qc5 Qxc5 71. Bxc5 Kf7 72. f3 Ke6 73. h4 g4 74. fxg4 Nxg4+ 75. Kg3 Kd5 76. Be7 Ke4 77. Bd8 f5 78. Bg5 Ne3 79. Kf2 Nc4 80. Be7 Kf4 81. g3+ Kg4 82. Kg2 Ne3+ 83. Kf2 Nc4 84. Kg2 Ne3+ 85. Kf2 f4 86. gxf4 Nd5 87. Bd8 Nxf4 88. Ke3 Ng2+ 89. Kd4 Nxh4 90. Kc4 Nf3 91. Kb4 Ng5 92. Kxa4 h4 93. Kb4 h3 94. Bc7 Ne4 95. Bh2 Kf3 96. a4 Kg2 97. a5 Kxh2 98. a6 Nf6 99. a7 Nd5+ 100. Kc5 Nc7 101. Kc6 Na8 102. Kb7 Kg1 103. Kxa8 h2 104. Kb8 h1=Q 105. a8=Q Qxa8+ 106. Kxa8 1/2-1/2

[Event "XII Paracin Festival 2019"]
[Site "Paracin"]
[Date "2019.07.06"]
[Round "2.20"]
[White "McPhillips, Joseph"]
[Black "Nestorovic, Katarina"]
[Result "1-0"]
[ECO "A46"]
[WhiteElo "2412"]
[BlackElo "2179"]
[Annotator "NA"]
[PlyCount "80"]
[EventDate "2019.07.05"]
[EventType "swiss"]
[EventCountry "SRB"]
[SourceTitle "playchess.com"]
[Source "ChessBase"]
[SourceQuality "1"]
[TimeControl "5400+30"]

1. d4 Nf6 2. Nf3 e6 3. Bf4 c5 4. e3 d5 5. c3 Nc6 6. Nbd2 Bd6 7. Bg3 O-O 8. Bb5 Ne7 9. Bd3 Qc7 10. O-O b6 11. Rc1 Bb7 12. Qa4 Bc6 13. Qa3 Bxg3 14. hxg3 c4 15. Bc2 a5 16. b3 b5 17. Rfe1 Rfb8 18. bxc4 dxc4 19. Qc5 Ned5 20. Ne5 Ra6 21. a4 Qb7 22. axb5 Bxb5 23. Qa3 Qc7 24. Rb1 Nd7 25. Nxd7 Qxd7 26. Ne4 Qd8 27. Nc5 Ra7 28. e4 Nc7 29. Ba4 Qe8 30. Qa2 Rc8 31. Rxb5 Nxb5 32. Qb2 Rb8 33. Rb1 Qd8 34. Bxb5 a4 35. Qa2 a3 36. Bxc4 g6 37. e5 Rxb1+ 38. Qxb1 Kg7 39. Ba2 Qa5 40. Qb3 Rc7 1-0

[Event "XII Paracin Festival 2019"]
[Site "Paracin"]
[Date "2019.07.06"]
[Round "2.21"]
[White "Harvey, Marcus R"]
[Black "Spirliadis, Achileas"]
[Result "1/2-1/2"]
[ECO "A05"]
[WhiteElo "2402"]
[BlackElo "2151"]
[Annotator "NA"]
[PlyCount "100"]
[EventDate "2019.07.05"]
[EventType "swiss"]
[EventCountry "SRB"]
[SourceTitle "playchess.com"]
[Source "ChessBase"]
[SourceQuality "1"]
[TimeControl "5400+30"]

1. Nf3 Nf6 2. b3 g6 3. Bb2 Bg7 4. e3 d5 5. c4 c6 6. Be2 O-O 7. O-O Nbd7 8. Qc2 Re8 9. Nc3 a6 10. d4 dxc4 11. bxc4 e5 12. Rfd1 exd4 13. exd4 Qa5 14. Nd2 Nb6 15. Nb3 Qf5 16. Qxf5 Bxf5 17. Bf1 Rad8 18. Na5 Rd7 19. h3 h5 20. Nb3 Nh7 21. c5 Nd5 22. Nxd5 Rxd5 23. Na5 Ng5 24. Nc4 Rd7 25. Rac1 Red8 26. Nb6 Re7 27. Ba1 Be6 28. Rc2 Ne4 29. g3 Nf6 30. Re1 Rc7 31. a3 Nd5 32. Nc4 Rcd7 33. Rd2 Nc7 34. Nb6 Re7 35. a4 Ree8 36. Rb1 Bf5 37. Rbd1 Bh6 38. Re2 Rxe2 39. Bxe2 Bxh3 40. Nc4 Nd5 41. Rb1 Re8 42. Bf1 Bf5 43. Nd6 Bxb1 44. Nxe8 Bf8 45. Bg2 Ba2 46. Bxd5 Bxd5 47. Bc3 Be7 48. a5 Kf8 49. Nd6 Bxd6 50. cxd6 Ke8 1/2-1/2

[Event "XII Paracin Festival 2019"]
[Site "Paracin"]
[Date "2019.07.06"]
[Round "2.22"]
[White "Saksham Rautela"]
[Black "Arsovic, Zoran"]
[Result "1/2-1/2"]
[ECO "B84"]
[WhiteElo "2232"]
[BlackElo "2398"]
[Annotator "NA"]
[PlyCount "94"]
[EventDate "2019.07.05"]
[EventType "swiss"]
[EventCountry "SRB"]
[SourceTitle "playchess.com"]
[Source "ChessBase"]
[SourceQuality "1"]
[TimeControl "5400+30"]

1. e4 c5 2. Nf3 e6 3. d4 cxd4 4. Nxd4 d6 5. Nc3 a6 6. Be2 Nf6 7. O-O Be7 8. Be3 O-O 9. f4 Nc6 10. Qe1 Nxd4 11. Bxd4 b5 12. a3 Bb7 13. Qg3 g6 14. Bf3 a5 15. Rad1 b4 16. e5 Bxf3 17. Qxf3 bxc3 18. exf6 Bxf6 19. Qxc3 Bxd4+ 20. Qxd4 d5 21. c4 dxc4 22. Qxc4 Qb6+ 23. Qd4 Rab8 24. Qxb6 Rxb6 25. Rd2 Rc8 26. Re1 Rc5 27. Re4 Rb3 28. Rde2 h5 29. Re5 Rxe5 30. Rxe5 Rxb2 31. Rxa5 h4 32. Ra4 Ra2 33. Ra7 Kg7 34. Ra5 Kf6 35. Ra7 Rc2 36. Ra4 Ra2 37. Ra7 Rc2 38. Ra4 g5 39. fxg5+ Kxg5 40. Re4 Rb2 41. h3 Ra2 42. a4 Rc2 43. Rg4+ Kh5 44. Re4 Ra2 45. Kf1 Kg5 46. Rg4+ Kh5 47. Re4 Kg5 1/2-1/2

[Event "XII Paracin Festival 2019"]
[Site "Paracin"]
[Date "2019.07.06"]
[Round "2.23"]
[White "Martic, Ivan"]
[Black "Pimpalkhare Vedant"]
[Result "1-0"]
[ECO "E06"]
[WhiteElo "2392"]
[BlackElo "2150"]
[Annotator "NA"]
[PlyCount "39"]
[EventDate "2019.07.05"]
[EventType "swiss"]
[EventCountry "SRB"]
[SourceTitle "playchess.com"]
[Source "ChessBase"]
[SourceQuality "1"]
[TimeControl "5400+30"]

1. d4 e6 2. c4 Nf6 3. g3 d5 4. Nf3 Be7 5. Bg2 O-O 6. O-O dxc4 7. Na3 Bxa3 8. bxa3 Nc6 9. Bb2 Bd7 10. Qc2 b5 11. Ng5 g6 12. e4 Ne8 13. h4 f6 14. Nf3 Qe7 15. Rfe1 Rd8 16. e5 fxe5 17. dxe5 Bc8 18. Rad1 Nb8 19. Ng5 Nd7 20. Nxe6 1-0

[Event "XII Paracin Festival 2019"]
[Site "Paracin"]
[Date "2019.07.06"]
[Round "2.24"]
[White "Toncheva, Nadya"]
[Black "Liu, Zhaoqi"]
[Result "0-1"]
[ECO "A67"]
[WhiteElo "2087"]
[BlackElo "2386"]
[Annotator "NA"]
[PlyCount "184"]
[EventDate "2019.07.05"]
[EventType "swiss"]
[EventCountry "SRB"]
[SourceTitle "playchess.com"]
[Source "ChessBase"]
[SourceQuality "1"]
[TimeControl "5400+30"]

1. d4 Nf6 2. c4 c5 3. d5 e6 4. Nc3 exd5 5. cxd5 d6 6. e4 g6 7. f4 Bg7 8. Bb5+ Nfd7 9. a4 O-O 10. Nf3 Na6 11. O-O Nb4 12. Be3 a6 13. Be2 Re8 14. Bf2 Nf6 15. Nd2 Qc7 16. Bg3 Bd7 17. Bf3 c4 18. e5 Nfxd5 19. Nxd5 Nxd5 20. Nxc4 Qxc4 21. Bxd5 Qb4 22. Ra3 Bc6 23. Bxc6 bxc6 24. Qxd6 Qxb2 25. Rd3 Rac8 26. Qd4 Qb8 27. Qc4 Qa7+ 28. Bf2 c5 29. Rfd1 Qe7 30. Rd6 a5 31. Rd7 Qe6 32. Qxe6 fxe6 33. Ra7 c4 34. Rxa5 Bf8 35. Kf1 c3 36. Be3 c2 37. Ra1 Rc3 38. Bc1 Rb8 39. Rb5 Rxb5 40. axb5 Rb3 41. Ra2 Rb1 42. Rxc2 Ba3 43. Ke2 Bxc1 44. Kf3 Rb3+ 45. Kg4 Ba3 46. Rc7 h6 47. Rb7 Bc5 48. g3 Kf8 49. Kh3 Rb2 50. Rb8+ Kf7 51. Rb7+ Be7 52. Rb8 g5 53. b6 Bc5 54. b7 Ba7 55. Rh8 Kg6 56. Rf8 gxf4 57. Rf6+ Kh5 58. gxf4 Rxb7 59. Rxe6 Rb3+ 60. Kg2 Kg4 61. h3+ Kxf4 62. Rf6+ Kg5 63. Rf7 Bc5 64. Rf3 Rb1 65. Rf1 Rb2+ 66. Kg3 Re2 67. h4+ Kg6 68. Rf6+ Kg7 69. Kf4 Be7 70. Ra6 Bxh4 71. Kf5 Rf2+ 72. Kg4 Bg5 73. Ra7+ Kg6 74. Ra6+ Kf7 75. Rc6 Rf4+ 76. Kg3 Re4 77. e6+ Ke7 78. Kf3 Ra4 79. Rb6 Bf4 80. Rc6 Bd6 81. Rc1 Kxe6 82. Rh1 Bf4 83. Rh4 Kf5 84. Rh5+ Bg5 85. Rh3 Kg6 86. Kg2 h5 87. Rb3 Kf5 88. Rf3+ Bf4 89. Rf2 Kg4 90. Rf3 h4 91. Rf2 Ra1 92. Rf1 h3+ 0-1

[Event "XII Paracin Festival 2019"]
[Site "Paracin"]
[Date "2019.07.06"]
[Round "2.25"]
[White "Lee, Jun Hyeok"]
[Black "Peycheva, Gergana"]
[Result "1-0"]
[ECO "D38"]
[WhiteElo "2383"]
[BlackElo "2065"]
[Annotator "NA"]
[PlyCount "129"]
[EventDate "2019.07.05"]
[EventType "swiss"]
[EventCountry "SRB"]
[SourceTitle "playchess.com"]
[Source "ChessBase"]
[SourceQuality "1"]
[TimeControl "5400+30"]

1. d4 d5 2. c4 e6 3. Nf3 Nf6 4. Nc3 Bb4 5. Qa4+ Nc6 6. e3 O-O 7. Bd2 Bxc3 8. Bxc3 Ne4 9. Bd3 Nxc3 10. bxc3 Ne7 11. O-O b6 12. cxd5 exd5 13. c4 dxc4 14. Qxc4 Be6 15. Qc2 Ng6 16. Be4 Rc8 17. Rfd1 Qe7 18. Bb7 Rcd8 19. Bc6 Bg4 20. Rdc1 f5 21. h3 Bxf3 22. Bxf3 f4 23. Qc4+ Kh8 24. Rc3 Nh4 25. e4 Nxf3+ 26. Rxf3 Qxe4 27. Qxc7 Qxd4 28. Re1 h6 29. Qxa7 Rde8 30. Rxe8 Rxe8 31. Kh2 Qd6 32. Qa4 Rf8 33. Qe4 Qc7 34. Qd4 Qc5 35. Qe4 Qd6 36. a3 Qc7 37. Qd4 Qc5 38. Qe4 Qc7 39. h4 Qd6 40. Rd3 Qf6 41. Kh3 Rc8 42. Rf3 Rf8 43. g3 Qf5+ 44. Qxf5 Rxf5 45. Kg4 Ra5 46. Kxf4 b5 47. Rb3 Kh7 48. Ke4 Kg6 49. Kd4 Kf5 50. Kc5 Ke4 51. Re3+ Kf5 52. Kb6 Ra8 53. Kxb5 g5 54. hxg5 hxg5 55. a4 Rb8+ 56. Kc4 Ra8 57. Ra3 Ke4 58. f3+ Ke5 59. a5 Rc8+ 60. Kd3 Rd8+ 61. Ke3 Ra8 62. a6 Ra7 63. Ra5+ Kf6 64. Ke4 Re7+ 65. Kd4 1-0

[Event "XII Paracin Festival 2019"]
[Site "Paracin"]
[Date "2019.07.06"]
[Round "2.26"]
[White "Jijo Joy"]
[Black "Nie, Xinyang"]
[Result "0-1"]
[ECO "C11"]
[WhiteElo "2053"]
[BlackElo "2375"]
[Annotator "NA"]
[PlyCount "100"]
[EventDate "2019.07.05"]
[EventType "swiss"]
[EventCountry "SRB"]
[SourceTitle "playchess.com"]
[Source "ChessBase"]
[SourceQuality "1"]
[TimeControl "5400+30"]

1. e4 e6 2. Nf3 d5 3. Nc3 Nf6 4. e5 Nfd7 5. d4 c5 6. dxc5 Nc6 7. Bf4 Nxc5 8. Bd3 Be7 9. h4 Qb6 10. Rb1 Qb4 11. Qd2 Nxd3+ 12. cxd3 Bd7 13. Kf1 Nd4 14. Nxd4 Qxd4 15. Ne2 Qa4 16. b3 Qb4 17. Qxb4 Bxb4 18. Nd4 Rc8 19. Rc1 Ke7 20. Ke2 f6 21. g4 Ba3 22. Rxc8 Rxc8 23. Rd1 a5 24. g5 Bb2 25. Ke3 Ba3 26. Rg1 Kf7 27. gxf6 gxf6 28. exf6 Kxf6 29. Bg5+ Kf7 30. f4 Bc5 31. Bh6 Rg8 32. Rxg8 Kxg8 33. Bg5 Kg7 34. Bd8 b6 35. a3 Kg6 36. b4 axb4 37. axb4 Bxb4 38. Bxb6 Ba3 39. Kf3 Be7 40. Kg3 Kh5 41. Nf3 h6 42. Bf2 Bb5 43. Nd4 Bxd3 44. Nxe6 Bxh4+ 45. Kf3 Be4+ 46. Ke3 Bxf2+ 47. Kxf2 Kg4 48. Ke3 h5 49. Ng5 h4 50. Kd4 Kxf4 0-1

[Event "XII Paracin Festival 2019"]
[Site "Paracin"]
[Date "2019.07.06"]
[Round "2.27"]
[White "Tanriverdi, Enes"]
[Black "Tadic, Katarina"]
[Result "1-0"]
[ECO "B96"]
[WhiteElo "2374"]
[BlackElo "2021"]
[Annotator "NA"]
[PlyCount "57"]
[EventDate "2019.07.05"]
[EventType "swiss"]
[EventCountry "SRB"]
[SourceTitle "playchess.com"]
[Source "ChessBase"]
[SourceQuality "1"]
[TimeControl "5400+30"]

1. e4 c5 2. Nf3 d6 3. d4 cxd4 4. Nxd4 Nf6 5. Nc3 a6 6. Bg5 e6 7. f4 Nbd7 8. Qf3 Qc7 9. O-O-O b5 10. e5 Bb7 11. Qh3 dxe5 12. Nxe6 fxe6 13. Qxe6+ Be7 14. Bxb5 axb5 15. Nxb5 Qc6 16. Nd6+ Kd8 17. fxe5 Kc7 18. Kb1 Ne4 19. Bxe7 Nf2 20. Rd4 Nc5 21. Qf7 Nxh1 22. Nxb7 Kxb7 23. Bxc5+ Kc8 24. Rc4 Qb5 25. Bd6+ Qxc4 26. Qxc4+ Kd7 27. Qf7+ Kc6 28. Qf3+ Kd7 29. g4 1-0

[Event "XII Paracin Festival 2019"]
[Site "Paracin"]
[Date "2019.07.06"]
[Round "2.28"]
[White "Koksal, Ege"]
[Black "Ulziikhishigjargal, Ochirkhuyag"]
[Result "1-0"]
[ECO "E15"]
[WhiteElo "2368"]
[BlackElo "2017"]
[Annotator "NA"]
[PlyCount "117"]
[EventDate "2019.07.05"]
[EventType "swiss"]
[EventCountry "SRB"]
[SourceTitle "playchess.com"]
[Source "ChessBase"]
[SourceQuality "1"]
[TimeControl "5400+30"]

1. d4 Nf6 2. c4 e6 3. Nf3 b6 4. g3 Ba6 5. Qa4 Bb7 6. Bg2 c5 7. dxc5 bxc5 8. O-O Be7 9. Nc3 O-O 10. Rd1 Qb6 11. Qc2 Rd8 12. e4 d6 13. e5 dxe5 14. Rxd8+ Bxd8 15. Nxe5 Bxg2 16. Kxg2 Nc6 17. Nxc6 Qxc6+ 18. Kg1 Ba5 19. Bg5 Bxc3 20. Qxc3 Ne4 21. Qf3 h6 22. Be3 f5 23. b3 a5 24. a4 Rb8 25. Bf4 Rb7 26. Rd1 Rd7 27. Rd3 g5 28. Bc1 Rd4 29. Rxd4 cxd4 30. Qd3 Qd6 31. Bb2 Nc5 32. Qxd4 Qxd4 33. Bxd4 Nxb3 34. Bb6 Kf7 35. c5 Ke7 36. c6 Kd6 37. c7 Kd7 38. f4 g4 39. Kf2 Nd2 40. Bxa5 Nc4 41. Bc3 Kxc7 42. Ke2 Kc6 43. Kd3 Nb6 44. a5 Nd5 45. Kd4 h5 46. Bd2 Kd6 47. Bc1 Kc6 48. Ke5 Kd7 49. Bd2 Ne7 50. a6 Nc6+ 51. Kf6 Kc7 52. Be3 Na5 53. a7 Kb7 54. Kxe6 Nc4 55. Bf2 Nd2 56. Kxf5 Nf3 57. Kg6 h4 58. gxh4 Nxh2 59. h5 1-0

[Event "XII Paracin Festival 2019"]
[Site "Paracin"]
[Date "2019.07.06"]
[Round "2.29"]
[White "Harisurya Bharadwaj Gundepudi"]
[Black "Bashirli, Nail"]
[Result "0-1"]
[ECO "A45"]
[WhiteElo "1831"]
[BlackElo "2367"]
[Annotator "NA"]
[PlyCount "94"]
[EventDate "2019.07.05"]
[EventType "swiss"]
[EventCountry "SRB"]
[SourceTitle "playchess.com"]
[Source "ChessBase"]
[SourceQuality "1"]
[TimeControl "5400+30"]

1. d4 Nf6 2. Bf4 g6 3. e3 Bg7 4. Nf3 d6 5. Be2 O-O 6. Nbd2 c5 7. c3 b6 8. O-O Bb7 9. a4 Nbd7 10. h3 Ne4 11. Nxe4 Bxe4 12. Nd2 Bc6 13. Bf3 Qc8 14. d5 Bb7 15. Qb3 Ne5 16. Bxe5 Bxe5 17. c4 Rb8 18. Qc2 Qf5 19. Ne4 h5 20. Rac1 Bc8 21. b3 Bg7 22. Be2 Qe5 23. Bd3 Bf5 24. f4 Qb2 25. Qd1 a6 26. Rb1 Qa3 27. g4 Bxe4 28. Bxe4 hxg4 29. hxg4 b5 30. f5 bxa4 31. fxg6 Rxb3 32. gxf7+ Rxf7 33. Rxf7 Kxf7 34. Qf3+ Ke8 35. Rf1 Rxe3 36. Qf7+ Kd8 37. Qg8+ Kc7 38. Qe8 Rg3+ 39. Bg2 Bd4+ 40. Kh2 Rh3+ 41. Bxh3 Be5+ 42. Kg1 Qg3+ 43. Bg2 Bd4+ 44. Rf2 Qxf2+ 45. Kh2 Be5+ 46. Kh1 Qe1+ 47. Bf1 Qxf1# 0-1

[Event "XII Paracin Festival 2019"]
[Site "Paracin"]
[Date "2019.07.06"]
[Round "2.30"]
[White "Avalyan, Artur"]
[Black "Koljevic, Nikolina"]
[Result "1-0"]
[ECO "E42"]
[WhiteElo "2351"]
[BlackElo "1960"]
[Annotator "NA"]
[PlyCount "47"]
[EventDate "2019.07.05"]
[EventType "swiss"]
[EventCountry "SRB"]
[SourceTitle "playchess.com"]
[Source "ChessBase"]
[SourceQuality "1"]
[TimeControl "5400+30"]

1. d4 Nf6 2. c4 e6 3. Nc3 Bb4 4. e3 c5 5. Nge2 cxd4 6. exd4 d5 7. a3 Be7 8. Nf4 Nc6 9. Be3 dxc4 10. Bxc4 O-O 11. O-O a6 12. Rc1 b5 13. Ba2 Bb7 14. d5 exd5 15. Ncxd5 Nxd5 16. Nxd5 Bd6 17. Qh5 g6 18. Qh6 Be5 19. Bg5 Qd6 20. Rfd1 Nd4 21. Be7 Bg7 22. Qxg7+ Kxg7 23. Bxd6 Ne2+ 24. Kf1 1-0

[Event "XII Paracin Festival 2019"]
[Site "Paracin"]
[Date "2019.07.06"]
[Round "3.1"]
[White "Martic, Ivan"]
[Black "Ivanisevic, Ivan"]
[Result "0-1"]
[ECO "E42"]
[WhiteElo "2392"]
[BlackElo "2612"]
[Annotator "RC"]
[PlyCount "104"]
[EventDate "2019.07.05"]
[EventType "swiss"]
[EventCountry "SRB"]
[SourceTitle "playchess.com"]
[Source "ChessBase"]
[SourceQuality "1"]
[TimeControl "5400+30"]

1. d4 Nf6 2. c4 e6 3. Nc3 Bb4 4. e3 c5 5. Nge2 b6 6. a3 Ba5 7. Rb1 Na6 8. Bd2 Bb7 9. d5 exd5 10. cxd5 O-O 11. f3 b5 12. e4 b4 13. axb4 cxb4 14. Na4 Re8 15. Ng3 Nxd5 16. Be2 Nb6 17. O-O d5 18. Kh1 dxe4 19. fxe4 Nxa4 20. Qxa4 Nc5 21. Qb5 Bb6 22. Bc4 Kh8 23. Bxf7 Rf8 24. Bd5 Rxf1+ 25. Qxf1 Bxd5 26. exd5 Qxd5 27. Be3 Nd3 28. Rd1 Rd8 29. Bxb6 axb6 30. Rd2 h6 31. h3 b3 32. Nf5 Kh7 33. Ne7 Qe4 34. Qf5+ Qxf5 35. Nxf5 Rd7 36. Ne3 Nc5 37. Rxd7 Nxd7 38. Kg1 Nc5 39. Kf1 Na4 40. Nd1 Kg6 41. Ke2 Kf5 42. Kf3 h5 43. g3 Ke5 44. Ke3 g5 45. h4 gxh4 46. gxh4 b5 47. Kd3 Kf4 48. Kd4 Kg3 49. Kd5 Kxh4 50. Kc6 Kg3 51. Kxb5 Nxb2 52. Ne3 Nd3 0-1